3AAA
HAMILTON COYOTES @ SIOUX FALLS RED PANDAS
05/21/2021
 
TOP OF THE 1ST
Hamilton Coyotes batting - Pitching for Sioux Falls Red Pandas : RHP Doug Green
Pitching: RHP Doug Green
Batting: RHB Rodrigo Pagán 0-0: Ball
1-0: SINGLE (Flyball, 8RS)
Batting: RHB Nectanebos Dolenian 0-0: Foul Ball, location: 2F
0-1: SINGLE (Line Drive, 6MD)
Rodrigo Pagán to second
Batting: LHB Alfredo Pérez 0-0: Foul Ball, location: 2F
0-1: Fly out, F9 (Flyball, 9LM)
Batting: RHB Dan Holliday 0-0: Ball
Rodrigo Pagán steals 3rd base
Nectanebos Dolenian to second
1-0: Ball
2-0: Ball
3-0: Base on Balls
Batting: RHB Carlos Vázquez 0-0: Fly out, F7 (Flyball, 7LMF)
Runner from 3rd tags up, SCORES, no throw
Batting: LHB Forrest McCooke 0-0: Ball
1-0: Ball
2-0: Ball
3-0: Called Strike
3-1: Fielders Choice at 2nd, U6 (Groundball, 6M)
Top of the 1st over - 1 run(s), 2 hit(s), 0 error(s), 2 left on base; Hamilton 1 - Sioux Falls 0
BOTTOM OF THE 1ST
Sioux Falls Red Pandas batting - Pitching for Hamilton Coyotes : RHP Louis McDowell
Pitching: RHP Louis McDowell
Batting: LHB Albert González 0-0: Ball
1-0: Ball
2-0: Ground out 4-3 (Groundball, 4)
Batting: RHB Jorge Maestas 0-0: Fly out, F7 (Flyball, 78M)
Batting: RHB Pancho Salaedo 0-0: Foul Ball, location: 2F
0-1: Ball
1-1: Foul Ball, location: 2F
1-2: Ball
2-2: Hit by Pitch
Batting: RHB Thomas Vaughan 0-0: Called Strike
0-1: Called Strike
0-2: Ball
1-2: Foul Ball, location: 2F
1-2: Fly out, F8 (Flyball, 8LD)
Bottom of the 1st over - 0 run(s), 0 hit(s), 0 error(s), 1 left on base; Hamilton 1 - Sioux Falls 0
TOP OF THE 2ND
Hamilton Coyotes batting - Pitching for Sioux Falls Red Pandas : RHP Doug Green
Batting: RHB Juan López 0-0: Called Strike
0-1: Ball
1-1: SINGLE (Groundball, 34D)
Batting: RHB Dan Curtis 0-0: Called Strike
0-1: Ball
1-1: Fielders Choice at 2nd, 6-4 (Groundball, 6M)
Batting: LHB Tony Ríos 0-0: Ball
Dan Curtis is caught stealing 2nd base
1-0: Called Strike
1-1: Foul Ball, location: 2F
1-2: Foul Ball, location: 2F
1-2: Ball
2-2: Strikes out swinging
Top of the 2nd over - 0 run(s), 1 hit(s), 0 error(s), 0 left on base; Hamilton 1 - Sioux Falls 0
BOTTOM OF THE 2ND
Sioux Falls Red Pandas batting - Pitching for Hamilton Coyotes : RHP Louis McDowell
Batting: LHB Luis Costello 0-0: Called Strike
0-1: Hit by Pitch
Batting: RHB Keith Hatch 0-0: SINGLE (Line Drive, 56D)
Luis Costello to second
Batting: RHB Jeremy Murphy 0-0: Swinging Strike
0-1: Foul Ball, location: 2F
0-2: Foul Ball, location: 2F
0-2: Fly out, F3 (Line Drive, 3)
Batting: RHB Jorge Quezada 0-0: Called Strike
0-1: Called Strike
0-2: Foul Ball, location: 2F
0-2: Foul Ball, location: 2F
0-2: Foul Ball, location: 2F
0-2: Foul Ball, location: 2F
0-2: Foul Ball, location: 2F
0-2: Grounds into double play, 6-4-3 (Groundball, 6)
Bottom of the 2nd over - 0 run(s), 1 hit(s), 0 error(s), 1 left on base; Hamilton 1 - Sioux Falls 0
TOP OF THE 3RD
Hamilton Coyotes batting - Pitching for Sioux Falls Red Pandas : RHP Doug Green
Batting: RHB Rodrigo Pagán 0-0: Called Strike
0-1: DOUBLE (Flyball, 8LXD)
Batting: RHB Nectanebos Dolenian 0-0: Ball
1-0: Foul Ball, location: 2F
1-1: Fly out, F7 (Flyball, 78D)
Batting: LHB Alfredo Pérez 0-0: Foul Ball, location: 2F
0-1: SINGLE (Groundball, 4M)
Rodrigo Pagán to third
Runner from 3rd tries for Home, SAFE, no throw or cutoff
Batting: RHB Dan Holliday 0-0: Foul Ball, location: 2F
0-1: Called Strike
0-2: Ball
1-2: Ball
2-2: Ball
3-2: Strikes out swinging
Batting: RHB Carlos Vázquez 0-0: Foul Ball, location: 2F
0-1: Called Strike
0-2: Ball
1-2: Strikes out swinging
Top of the 3rd over - 1 run(s), 2 hit(s), 0 error(s), 1 left on base; Hamilton 2 - Sioux Falls 0
BOTTOM OF THE 3RD
Sioux Falls Red Pandas batting - Pitching for Hamilton Coyotes : RHP Louis McDowell
Batting: SHB Tom Palmer 0-0: Swinging Strike
0-1: Ball
1-1: Swinging Strike
1-2: SINGLE (Line Drive, 8RS)
Batting: LHB Albert González 0-0: Called Strike
0-1: DOUBLE (Flyball, 8RM)
Tom Palmer to third
Runner from 3rd tries for Home, SAFE, no throw or cutoff
Batting: RHB Jorge Maestas 0-0: Called Strike
0-1: Called Strike
0-2: Ball
1-2: Ball
Wild Pitch!
Albert González to third
2-2: Ball
3-2: Base on Balls
Batting: RHB Pancho Salaedo 0-0: Ball
Jorge Maestas steals 2nd base
1-0: Ball
2-0: Ball
3-0: Called Strike
3-1: Called Strike
3-2: Strikes out swinging
Batting: RHB Thomas Vaughan 0-0: Ball
1-0: Swinging Strike
1-1: Foul Ball, location: 2F
1-2: Ground out 5-3 (Groundball, 5L)
Batting: LHB Luis Costello 0-0: Ball
1-0: Called Strike
1-1: Ball
2-1: Ball
3-1: Base on Balls
Batting: RHB Keith Hatch 0-0: SINGLE (Groundball, 6M)
Albert González scores
Jorge Maestas to third
Luis Costello to second
Runner from 3rd tries for Home, throw and OUT!
Bottom of the 3rd over - 2 run(s), 3 hit(s), 0 error(s), 2 left on base; Hamilton 2 - Sioux Falls 2
TOP OF THE 4TH
Hamilton Coyotes batting - Pitching for Sioux Falls Red Pandas : RHP Doug Green
Batting: LHB Forrest McCooke 0-0: Called Strike
0-1: Foul Ball, location: 2F
0-2: DOUBLE (Line Drive, 3L)
Batting: RHB Juan López 0-0: Called Strike
0-1: Ground out 4-3 (Groundball, 4)
Forrest McCooke to third
Batting: RHB Dan Curtis 0-0: Ball
1-0: DOUBLE (Line Drive, 9LS)
Forrest McCooke scores
Batting: LHB Tony Ríos 0-0: Ball
Dan Curtis steals 3rd base
1-0: Called Strike
1-1: Ball
2-1: SINGLE (Groundball, 34D)
Dan Curtis scores
Batting: RHB Rodrigo Pagán 0-0: Ball
1-0: Called Strike
1-1: Swinging Strike
1-2: Ball
2-2: Strikes out swinging
Batting: RHB Nectanebos Dolenian 0-0: Ball
1-0: Called Strike
Tony Ríos is caught stealing 2nd base
Top of the 4th over - 2 run(s), 3 hit(s), 0 error(s), 0 left on base; Hamilton 4 - Sioux Falls 2
BOTTOM OF THE 4TH
Sioux Falls Red Pandas batting - Pitching for Hamilton Coyotes : RHP Louis McDowell
Batting: RHB Jeremy Murphy 0-0: Called Strike
0-1: Ball
1-1: Ground out 4-3 (Groundball, 4)
Batting: RHB Jorge Quezada 0-0: Swinging Strike
0-1: SINGLE (Line Drive, 34D)
Batting: SHB Tom Palmer 0-0: Called Strike
0-1: Foul Ball, location: 2F
0-2: Ball
1-2: Ball
2-2: Foul Ball, location: 2F
2-2: Ground out 4-3 (Groundball, 4MS)
Jorge Quezada to second
Batting: LHB Albert González 0-0: Ball
1-0: Ball
2-0: Ball
3-0: Called Strike
3-1: DOUBLE (Line Drive, 7LS)
Jorge Quezada scores
Batting: RHB Jorge Maestas 0-0: Fly out, F9 (Flyball, 89M)
Bottom of the 4th over - 1 run(s), 2 hit(s), 0 error(s), 1 left on base; Hamilton 4 - Sioux Falls 3
TOP OF THE 5TH
Hamilton Coyotes batting - Pitching for Sioux Falls Red Pandas : RHP Doug Green
Batting: RHB Nectanebos Dolenian 0-0: Called Strike
0-1: Ball
1-1: Ball
2-1: Ball
3-1: Ground out 6-3 (Groundball, 6M)
Batting: LHB Alfredo Pérez 0-0: Ball
1-0: Called Strike
1-1: Ball
2-1: Foul Ball, location: 2F
2-2: Ball
3-2: Strikes out swinging
Batting: RHB Dan Holliday 0-0: Ball
1-0: SINGLE (Flyball, 89S)
Batting: RHB Carlos Vázquez 0-0: Ball
1-0: Ball
2-0: Swinging Strike
2-1: Ball
3-1: Foul Ball, location: 2F
3-2: SINGLE (Flyball, 4MD)
Dan Holliday to second
Dan Holliday to third
Batting: LHB Forrest McCooke 0-0: Called Strike
0-1: Ball
1-1: Ball
2-1: Ball
3-1: Called Strike
3-2: Foul Ball, location: 2F
3-2: Base on Balls
Carlos Vázquez to second
Pitching: LHP Hank Downey
Batting: RHB Juan López 0-0: Ball
1-0: Ball
2-0: Ball
3-0: Called Strike
3-1: Base on Balls
Dan Holliday scores
Carlos Vázquez to third
Forrest McCooke to second
Batting: RHB Dan Curtis 0-0: Ball
1-0: Ball
2-0: Ground out 1-3 (Groundball, 13S)
Top of the 5th over - 1 run(s), 2 hit(s), 0 error(s), 3 left on base; Hamilton 5 - Sioux Falls 3
BOTTOM OF THE 5TH
Sioux Falls Red Pandas batting - Pitching for Hamilton Coyotes : RHP Louis McDowell
Batting: RHB Pancho Salaedo 0-0: Ground out 6-3 (Groundball, 6)
Batting: RHB Thomas Vaughan 0-0: Foul Ball, location: 2F
0-1: Foul Ball, location: 2F
0-2: Fly out, F8 (Flyball, 8LD)
Batting: LHB Luis Costello 0-0: Ball
1-0: Swinging Strike
1-1: Called Strike
1-2: Ball
2-2: Strikes out swinging
Bottom of the 5th over - 0 run(s), 0 hit(s), 0 error(s), 0 left on base; Hamilton 5 - Sioux Falls 3
TOP OF THE 6TH
Hamilton Coyotes batting - Pitching for Sioux Falls Red Pandas : LHP Hank Downey
Batting: LHB Tony Ríos 0-0: Called Strike
0-1: Called Strike
0-2: Strikes out looking
Batting: RHB Rodrigo Pagán 0-0: Called Strike
0-1: Ball
1-1: Ball
2-1: SINGLE (Groundball, 34S)
Batting: RHB Nectanebos Dolenian 0-0: Ball
1-0: SINGLE (Groundball, 56D)
Rodrigo Pagán to second
Batting: LHB Alfredo Pérez 0-0: Ball
1-0: Ball
2-0: Fielders Choice at 2nd, 3-6 (Groundball, 3)
Rodrigo Pagán to third
Batting: RHB Dan Holliday 0-0: Foul Ball, location: 2F
0-1: Ground out 4-3 (Groundball, 34)
Top of the 6th over - 0 run(s), 2 hit(s), 0 error(s), 2 left on base; Hamilton 5 - Sioux Falls 3
BOTTOM OF THE 6TH
Sioux Falls Red Pandas batting - Pitching for Hamilton Coyotes : RHP Louis McDowell
Batting: RHB Keith Hatch 0-0: Called Strike
0-1: Swinging Strike
0-2: Foul Ball, location: 2F
0-2: Fly out, F8 (Line Drive, 8LM)
Batting: RHB Jeremy Murphy 0-0: Called Strike
0-1: Foul Ball, location: 2F
0-2: Strikes out looking
Batting: RHB Jorge Quezada 0-0: Ball
1-0: Called Strike
1-1: Swinging Strike
1-2: Ball
2-2: Ball
3-2: SINGLE (Groundball, 4M)
Batting: SHB Tom Palmer 0-0: Ground out U3 (Groundball, 3S)
Bottom of the 6th over - 0 run(s), 1 hit(s), 0 error(s), 1 left on base; Hamilton 5 - Sioux Falls 3
TOP OF THE 7TH
Hamilton Coyotes batting - Pitching for Sioux Falls Red Pandas : LHP Hank Downey
Batting: RHB Carlos Vázquez 0-0: Called Strike
0-1: Foul Ball, location: 2F
0-2: Foul Ball, location: 2F
0-2: Ball
1-2: Ball
2-2: Foul Ball, location: 2F
2-2: Ball
3-2: Foul Ball, location: 2F
3-2: Fly out, F8 (Flyball, 8RM)
Batting: LHB Forrest McCooke 0-0: SINGLE (Line Drive, 4M)
Batting: RHB Juan López 0-0: Hit by Pitch
Forrest McCooke to second
Pinch Hitting: RHB Pete Knight 0-0: Called Strike
0-1: Fly out, F8 (Flyball, 8RS)
Pinch Hitting: RHB Monty Sharp 0-0: Ball
1-0: Ball
2-0: SINGLE (Groundball, 56)
Forrest McCooke to third
Juan López to second
Runner from 3rd tries for Home, throw and OUT!
Top of the 7th over - 0 run(s), 2 hit(s), 0 error(s), 2 left on base; Hamilton 5 - Sioux Falls 3
BOTTOM OF THE 7TH
Sioux Falls Red Pandas batting - Pitching for Hamilton Coyotes : RHP Louis McDowell
Now in CF: Marvin Collier
Now in RF: Monty Sharp
Batting: LHB Albert González 0-0: SINGLE (Line Drive, 9LS)
Batting: RHB Jorge Maestas 0-0: Ball
1-0: Foul Ball, location: 2F
1-1: Foul Ball, location: 2F
1-2: Grounds into double play, 5-4-3 (Groundball, 56)
Batting: RHB Pancho Salaedo 0-0: Ground out 1-3 (Groundball, 15)
Bottom of the 7th over - 0 run(s), 1 hit(s), 0 error(s), 0 left on base; Hamilton 5 - Sioux Falls 3
TOP OF THE 8TH
Hamilton Coyotes batting - Pitching for Sioux Falls Red Pandas : LHP Hank Downey
Batting: RHB Rodrigo Pagán 0-0: Ball
1-0: Ball
2-0: Ground out 5-3 (Groundball, 5S)
Pitching: LHP Hwen-thiang Qin
Batting: RHB Nectanebos Dolenian 0-0: Ball
1-0: Swinging Strike
1-1: Foul Ball, location: 2F
1-2: Ball
2-2: Ball
3-2: Foul Ball, location: 2F
3-2: Foul Ball, location: 2F
3-2: Base on Balls
Batting: LHB Alfredo Pérez 0-0: Ball
1-0: Ball
2-0: Called Strike
2-1: Fly out, F4 (Line Drive, 4)
Batting: RHB Dan Holliday Pickoff Throw to First - Out!
Top of the 8th over - 0 run(s), 0 hit(s), 0 error(s), 0 left on base; Hamilton 5 - Sioux Falls 3
BOTTOM OF THE 8TH
Sioux Falls Red Pandas batting - Pitching for Hamilton Coyotes : RHP Louis McDowell
Now at 2B: Quinn Johnson
Now in LF: Cliff Hale
Batting: RHB Thomas Vaughan 0-0: Ball
1-0: Ball
2-0: Foul Ball, location: 2F
2-1: Fly out, F8 (Flyball, 8LM)
Batting: LHB Luis Costello 0-0: Ball
1-0: Fly out, F8 (Flyball, 8LS)
Batting: RHB Keith Hatch 0-0: Ground out 4-3 (Groundball, 13)
Bottom of the 8th over - 0 run(s), 0 hit(s), 0 error(s), 0 left on base; Hamilton 5 - Sioux Falls 3
TOP OF THE 9TH
Hamilton Coyotes batting - Pitching for Sioux Falls Red Pandas : LHP Hwen-thiang Qin
Batting: RHB Dan Holliday 0-0: Called Strike
0-1: Foul Ball, location: 2F
0-2: Foul Ball, location: 2F
0-2: Foul Ball, location: 2F
0-2: Ball
1-2: Ball
2-2: Ground out 1-3 (Groundball, 15)
Batting: RHB Carlos Vázquez 0-0: Swinging Strike
0-1: Ball
1-1: Ball
2-1: Ball
3-1: Base on Balls
Batting: LHB Forrest McCooke 0-0: Ball
1-0: Ball
2-0: Fly out, F4 (Popup, 4S)
Batting: RHB Juan López 0-0: Called Strike
0-1: Foul Ball, location: 2F
0-2: Ball
1-2: Ball
2-2: Ball
3-2: Base on Balls
Carlos Vázquez to second
Batting: RHB Marvin Collier 0-0: Swinging Strike
0-1: Fielders Choice at 2nd, U4 (Groundball, 4M)
Top of the 9th over - 0 run(s), 0 hit(s), 0 error(s), 2 left on base; Hamilton 5 - Sioux Falls 3
BOTTOM OF THE 9TH
Sioux Falls Red Pandas batting - Pitching for Hamilton Coyotes : RHP Louis McDowell
Batting: RHB Jeremy Murphy 0-0: Called Strike
0-1: Ball
1-1: Ball
2-1: Swinging Strike
2-2: Strikes out looking
Batting: RHB Jorge Quezada 0-0: Ball
1-0: Foul Ball, location: 2F
1-1: Foul Ball, location: 2F
1-2: Foul Ball, location: 2F
1-2: Ground out 6-3 (Groundball, 6M)
Batting: SHB Tom Palmer 0-0: Called Strike
0-1: Ball
1-1: Ball
2-1: Ball
3-1: Foul Ball, location: 2F
3-2: Base on Balls
Pitching: RHP Alfonso Miranda
Batting: LHB Albert González 0-0: Ball
1-0: Ball
2-0: Called Strike
2-1: Ball
3-1: Base on Balls
Tom Palmer to second
Pinch Hitting: LHB Pancho Ruíz 0-0: Ball
1-0: Ball
2-0: Swinging Strike
2-1: Ball
3-1: Base on Balls
Tom Palmer to third
Albert González to second
Batting: RHB Pancho Salaedo 0-0: Called Strike
0-1: Ball
1-1: Foul Ball, location: 2F
1-2: DOUBLE (Line Drive, 7D)
Tom Palmer scores
Albert González scores
Pancho Ruíz to third
Batting: RHB Thomas Vaughan 0-0: Ball
1-0: Fly out, F8 (Flyball, 8LD)
Bottom of the 9th over - 2 run(s), 1 hit(s), 0 error(s), 2 left on base; Hamilton 5 - Sioux Falls 5
TOP OF THE 10TH
Hamilton Coyotes batting - Pitching for Sioux Falls Red Pandas : LHP Hwen-thiang Qin
Pitching: RHP Stephen Dowell
Now in CF: Pancho Ruíz
Pinch Hitting: LHB Ralph Dunford 0-0: Ball
1-0: Ball
2-0: Ball
3-0: Base on Balls
Batting: RHB Quinn Johnson 0-0: Ball
1-0: Sac Bunt - play at first, batter OUT! 5-4
Ralph Dunford to second
Batting: RHB Nectanebos Dolenian 0-0: Called Strike
0-1: Swinging Strike
0-2: Strikes out swinging
Batting: SHB Cliff Hale 0-0: Ground out 6-3 (Groundball, 6M)
Top of the 10th over - 0 run(s), 0 hit(s), 0 error(s), 1 left on base; Hamilton 5 - Sioux Falls 5
BOTTOM OF THE 10TH
Sioux Falls Red Pandas batting - Pitching for Hamilton Coyotes : RHP Alfonso Miranda
Now in LF: Ralph Dunford
Batting: LHB Luis Costello 0-0: Ball
1-0: Ball
2-0: Ball
3-0: Called Strike
3-1: Foul Ball, location: 2F
3-2: Foul Ball, location: 2F
3-2: Foul Ball, location: 2F
3-2: Foul Ball, location: 2F
3-2: Strikes out swinging
Pinch Hitting: RHB Kazunori Ito 0-0: Foul Ball, location: 2F
0-1: Ball
1-1: Called Strike
1-2: Foul Ball, location: 2F
1-2: Ground out 3-1 (Groundball, 34)
Pinch Hitting: LHB Raúl Valentín 0-0: Called Strike
0-1: Ball
1-1: Ground out 3-1 (Groundball, 34)
Bottom of the 10th over - 0 run(s), 0 hit(s), 0 error(s), 0 left on base; Hamilton 5 - Sioux Falls 5
TOP OF THE 11TH
Hamilton Coyotes batting - Pitching for Sioux Falls Red Pandas : RHP Stephen Dowell
Now at SS: Kazunori Ito
Now in LF: Tyrone Graham
Batting: RHB Dan Holliday 0-0: Called Strike
0-1: Ground out 4-3 (Groundball, 4)
Batting: RHB Carlos Vázquez 0-0: Ball
1-0: Swinging Strike
1-1: Swinging Strike
1-2: Foul Ball, location: 2F
1-2: Foul Ball, location: 2F
1-2: Foul Ball, location: 2F
1-2: Ground out U3 (Groundball, 3L)
Batting: LHB Forrest McCooke 0-0: Foul Ball, location: 2F
0-1: Foul Ball, location: 2F
0-2: Ball
1-2: Strikes out swinging
Top of the 11th over - 0 run(s), 0 hit(s), 0 error(s), 0 left on base; Hamilton 5 - Sioux Falls 5
BOTTOM OF THE 11TH
Sioux Falls Red Pandas batting - Pitching for Hamilton Coyotes : RHP Alfonso Miranda
Batting: RHB Jorge Quezada 0-0: Ball
1-0: Called Strike
1-1: Ball
2-1: Swinging Strike
2-2: Strikes out swinging
Batting: SHB Tom Palmer 0-0: Ball
1-0: Foul Ball, location: 2F
1-1: Fly out, F7 (Flyball, 7M)
Pitching: RHP Albert Días
Batting: LHB Albert González 0-0: Ball
1-0: Ball
2-0: Ball
3-0: Called Strike
3-1: Base on Balls
Batting: LHB Pancho Ruíz 0-0: Ball
1-0: Ball
Albert González steals 2nd base
2-0: Foul Ball, location: 2F
2-1: Fly out, F7 (Line Drive, 7M)
Bottom of the 11th over - 0 run(s), 0 hit(s), 0 error(s), 1 left on base; Hamilton 5 - Sioux Falls 5
TOP OF THE 12TH
Hamilton Coyotes batting - Pitching for Sioux Falls Red Pandas : RHP Stephen Dowell
Batting: RHB Juan López 0-0: Called Strike
0-1: Ball
1-1: SINGLE (Groundball, 56D) (infield hit)
Batting: RHB Marvin Collier 0-0: Bunted foul
0-1: Bunt missed!
0-2: Ball
1-2: Foul Ball, location: 2F
1-2: Ball
2-2: Ball
3-2: Base on Balls
Juan López to second
Batting: LHB Ralph Dunford 0-0: Sac Bunt - play at first, batter OUT! 1-4
Juan López to third
Marvin Collier to second
Batting: RHB Quinn Johnson 0-0: Ball
1-0: DOUBLE (Line Drive, 7LM)
Juan López scores
Marvin Collier scores
Batting: RHB Nectanebos Dolenian 0-0: Ball
1-0: Ball
2-0: Ball
3-0: Called Strike
3-1: Base on Balls
Pitching: LHP Alexis Weaver
Pinch Hitting: RHB Ron Clark 0-0: Called Strike
0-1: Foul Ball, location: 2F
0-2: Ball
1-2: Ball
2-2: Ball
3-2: Base on Balls
Quinn Johnson to third
Nectanebos Dolenian to second
Batting: RHB Dan Holliday 0-0: Ball
1-0: Grounds into fielders choice 1-2 (Groundball, 15)
Nectanebos Dolenian to third
Ron Clark to second
Batting: RHB Carlos Vázquez 0-0: Foul Ball, location: 2F
0-1: Ball
1-1: Fly out, F7 (Flyball, 7LMF)
Top of the 12th over - 2 run(s), 2 hit(s), 0 error(s), 3 left on base; Hamilton 7 - Sioux Falls 5
BOTTOM OF THE 12TH
Sioux Falls Red Pandas batting - Pitching for Hamilton Coyotes : RHP Albert Días
Now in RF: Calvin Fleming
Batting: RHB Pancho Salaedo 0-0: Fly out, F4 (Popup, 3D)
Batting: RHB Thomas Vaughan 0-0: Ball
1-0: Ball
2-0: Called Strike
2-1: Ball
3-1: Foul Ball, location: 2F
3-2: Base on Balls
Batting: LHB Luis Costello 0-0: Called Strike
0-1: Ball
1-1: Called Strike
1-2: Ball
2-2: Foul Ball, location: 2F
2-2: Foul Ball, location: 2F
2-2: SINGLE (Line Drive, 4)
Thomas Vaughan to second
Runner from 2nd tries for 3rd, SAFE, throw made to third
Batting: RHB Kazunori Ito 0-0: Ball
1-0: Called Strike
1-1: Swinging Strike
1-2: Ball
2-2: Foul Ball, location: 2F
2-2: SINGLE (Line Drive, 56)
Thomas Vaughan scores
Luis Costello to second
Pinch Runner at 2nd Félix Aguilar:
Batting: RHB Tyrone Graham 0-0: Swinging Strike
0-1: SINGLE (Groundball, 6MD)
Félix Aguilar to third
Kazunori Ito to second
Runner from 3rd tries for Home, SAFE, no throw or cutoff
Batting: RHB Jorge Quezada 0-0: Ball
1-0: Foul Ball, location: 2F
1-1: Ball
2-1: Called Strike
2-2: Strikes out swinging
Batting: SHB Tom Palmer 0-0: Ball
1-0: Foul Ball, location: 2F
1-1: Called Strike
1-2: Foul Ball, location: 2F
1-2: Ball
2-2: Ball
3-2: Foul Ball, location: 2F
3-2: Foul Ball, location: 2F
3-2: Base on Balls
Kazunori Ito to third
Tyrone Graham to second
Batting: LHB Albert González 0-0: Ball
1-0: Foul Ball, location: 2F
1-1: Swinging Strike
1-2: Ball
2-2: SINGLE (Groundball, 34D)
Kazunori Ito scores
This league is powered by Out of the Park Baseball, the baseball management simulation game for PC, Mac and Linux
Friday, January 22nd, 2016 - OOTP Baseball 16.9 Build 39